 Dungeon Crawl Stone Soup version 0.27-a0-1116-g91b3acb402 (webtiles) character file.

Game seed: 15884858313684069179

254884 porpoise the Warrior (level 19, -6/147 HPs)
             Began as a Djinni Venom Mage on Apr 28, 2021.
             Was the Champion of Makhleb.
             Mangled by a war gargoyle
             ... wielding a +0 flail
              (15 damage)
             ... on level 2 of the Vaults on May 2, 2021.
             The game lasted 05:00:55 (57711 turns).

porpoise the Warrior (Djinni Venom Mage)           Turns: 57711, Time: 05:00:56

Health: -6/147     AC: 18    Str: 18    XL:     19   Next: 76%
Gold:   672        EV: 18    Int: 35    God:    Makhleb [******] SH: 10 Dex: 20

rFire    + + .     SeeInvis .   w - staff of poison
rCold    + . .     Faith    .   c - +2 buckler {reflect}
rNeg     . . .     Spirit   .   h - +1 scale mail of a wizard's laboratory {Rampage rC++ Regen+ Str+3}
rPois    ∞         Reflect  +   f - +2 helmet {Int+3}
rElec    .         Harm     .   L - +1 cloak
rCorr    .         Rampage  +   A - +1 pair of gloves "Tamifu" {Int+6}
Will     ++...                  (boots unavailable)
Stlth    +.........             g - amulet of the acrobat
HPRegen  1.34/turn              v - ring of willpower
MPRegen  0.00/turn              z - ring of Ekosh {Fly Str+6 Int+6 Dex+3}

@: about to teleport, flying, studying 4 skills
A: fire resistance 2, cold vulnerability 1, float, innate caster, hp casting,
extra vitality 1
}: 2/15 runes: barnacled, gossamer
a: Renounce Religion, Minor Destruction, Lesser Servant of Makhleb, Major
Destruction, Greater Servant of Makhleb


You were on level 2 of the Vaults.
You worshipped Makhleb.
Makhleb was exalted by your worship.
You visited 6 branches of the dungeon, and saw 33 of its levels.
You visited 1 bazaar.
You also visited: Trove.

You collected 3326 gold pieces.
You spent 2654 gold pieces at shops.

Inventory:

Hand Weapons
 a - the +9 rapier "Aluwkuur" {flame, Dex+4}
   (You found it on level 13 of the Dungeon)

   It has been specially enchanted to burn those struck by it, causing extra
   injury to most foes and up to half again as much damage against particularly
   susceptible opponents.
   It affects your dexterity (+4).
 b - a +2 hunting sling of flaming
Missiles
 e - a throwing net
 m - 261 sling bullets
 t - 8 javelins
 R - 17 boomerangs of dispersal (quivered)
 Y - 7 datura-tipped darts
Armour
 c - a +2 buckler of reflection (worn)
 f - a +2 helmet of intelligence (worn)
 h - the +1 scale mail of a wizard's laboratory (worn) {Rampage rC++ Regen+ Str+3}
   (You found it on level 1 of the Vaults)

   It affects your strength (+3).
   It greatly protects you from cold.
   It increases your rate of health regeneration.
   It bestows one free step when moving towards enemies.
 n - a +1 ring mail of cold resistance
 A - the +1 pair of gloves "Tamifu" (worn) {Int+6}
   (You bought it in a shop on level 2 of the Vaults)

   It affects your intelligence (+6).
 L - a +1 cloak (worn)
 X - a +2 pair of gloves of archery
Magical Staves
 w - a staff of poison (weapon)
 W - a staff of air
Jewellery
 g - an amulet of the acrobat (around neck)
 v - a ring of willpower (left hand)
 z - the ring of Ekosh (right hand) {Fly Str+6 Int+6 Dex+3}
   (You found it on level 4 of the Dungeon)

   [ring of strength]

   It affects your strength (+6).
   It affects your intelligence (+6).
   It affects your dexterity (+3).
   It grants you flight.
 E - a ring of protection from cold
 H - a ring of see invisible
Wands
 C - a wand of charming (14)
 D - a wand of iceblast (66)
 G - a wand of digging (26)
 K - a wand of mindburst (5)
 O - a wand of flame (151)
 P - a wand of polymorph (22)
Scrolls
 d - 7 scrolls of teleportation
 j - 2 scrolls of summoning
 k - 2 scrolls of magic mapping
 l - 15 scrolls of identify
 r - a scroll of enchant armour
 u - 4 scrolls of fear
 x - 2 scrolls of blinking
 B - 3 scrolls of vulnerability
 N - 2 scrolls of fog
 Q - a scroll of enchant weapon
Potions
 i - 6 potions of might
 o - 5 potions of lignification
 p - 10 potions of curing
 q - 2 potions of invisibility
 s - 3 potions of heal wounds
 F - 5 potions of ambrosia
 I - 3 potions of cancellation
 J - a potion of resistance
 M - 4 potions of haste
Miscellaneous
 y - a phantom mirror
 U - a tin of tremorstones (2/2)


   Skills:
 - Level 16.6 Fighting
 + Level 11.2 Short Blades
 - Level 4.0 Slings
 - Level 12.0 Armour
 - Level 14.0 Dodging
 - Level 1.5 Stealth
 - Level 12.0 Shields
 + Level 15.2 Spellcasting
 - Level 13.2 Invocations
 - Level 9.0 Evocations


You couldn't memorise any spells.
You knew the following spells:

 Your Spells              Type           Power      Damage    Failure   Level
a - Sting                 Tmut/Pois      100%       1d8       0%          1
b - Eringya's Noxious Bo  Tmut/Pois      58%        N/A       1%          6
d - Vampiric Draining     Necr           46%        2d12      1%          3
e - Metabolic Englaciati  Hex/Ice        46%        N/A       1%          5
h - Ensorcelled Hibernat  Hex/Ice        100%       N/A       0%          2
i - Ignite Poison         Fire/Tmut/Pois 100%       N/A       1%          3
m - Mephitic Cloud        Conj/Pois/Air  100%       N/A       1%          3
n - Pain                  Necr           100%       1d9       0%          1
o - Olgreb's Toxic Radia  Pois           100%       N/A       1%          4
r - Airstrike             Air            46%        N/A       1%          4
s - Simulacrum            Ice/Necr       46%        N/A       1%          6
v - Poisonous Vapours     Pois/Air       100%       N/A       0%          2
w - Swiftness             Air            93%        N/A       1%          3
y - Summon Hydra          Summ           46%        N/A       6%          7
Your spell library was empty.

Dungeon Overview and Level Annotations

Branches:
Dungeon (15/15)            Temple (0/1) D:7            Lair (6/6) D:10
 Shoals (4/4) Lair:3       Spider (4/4) Lair:3        Slime (0/5) Lair:6
    Orc (2/2) D:12            Elf (0/3) Orc:2        Vaults (2/5) D:13
 Depths (0/5) D:15
  Crypt: Vaults:2-3

Altars:
Elyvilon
Hepliaklqana
Makhleb
Nemelex Xobeh
Okawaru
Sif Muna
Vehumet
Wu Jian
Xom
Beogh
Jiyva

Shops:
D:4 [!=   D:5 *   D:6 *   Orc:1 :*   Orc:2 =(*[   Shoals:4 [   Vaults:2 ?[*


Innate Abilities, Weirdness & Mutations

You are immune to poison.
Your flesh is very heat resistant. (rF++)
You are vulnerable to cold. (rC-)
You float through the air rather than walking.
You learn spells naturally, not from books.
Your magical power is your life essence.
You have superior vitality. (+4 HP)


Message History

The frost giant hits your blizzard demon with a +1 battleaxe of freezing!
The war gargoyle misses your blizzard demon.
Casting: Ignite Poison (safe; 1% risk of failure)
Confirm with . or Enter, or press ? or * to list all spells.
You feel a surge of power!
You ignite the poison in your surroundings!
The frost giant seems to burn from within!
The frost giant is almost dead.
The frost giant is poisoned.
Your toxic aura wanes.
You kill the frost giant!
Makhleb accepts your kill.
Your blizzard demon hits the war gargoyle!
Your blizzard demon hits the war gargoyle but does no damage.
The war gargoyle hits you with a +0 flail!!!
* * * LOW HITPOINT WARNING * * *
You feel much better. The war gargoyle closely misses you.
Your blizzard demon hits the war gargoyle!
Your blizzard demon hits the war gargoyle but does no damage.
You feel much better. You block the war gargoyle's attack.
Your blizzard demon hits the war gargoyle but does no damage. x2
The war gargoyle launches metal splinters at your blizzard demon.
The spray of metal splinters hits your blizzard demon!!
Press: ? - help, v - describe, . - travel
Here: a war gargoyle, wielding a +0 flail (heavily damaged, strong, catching its breath, ally target)
The floor.
As you read the scroll of teleportation, it crumbles to dust.
You feel strangely unstable.
Your blizzard demon hits the war gargoyle but does no damage. x2
The war gargoyle hits your blizzard demon with a +0 flail!!
Your blizzard demon dies!
You reach down and open the door.
The war gargoyle hits you with a +0 flail!!!
* * * LOW HITPOINT WARNING * * *
The war gargoyle closely misses you.
Unknown command.
There is an open door here.
A demon appears!
The war gargoyle hits you with a +0 flail!
You die...

##########........#......########
..................###############
..................)..............
...................∩.............
.....................[..........∩
.................................
.................................
.................................
################@################
#9.# ##2.## ##....## ##...)..##
#........# ##...)..##
##......##....##
+##........##[[##


You could see a war gargoyle (strong, ally target) and a friendly balrug
(summoned).

Vanquished Creatures
  Arachne (Spider:2)
  Jorgrun (D:12)
  A titan (Vaults:1)
  Polyphemus (Shoals:2)
  A sphinx (Vaults:2)
  Kirke (D:12)
  2 fire giants (Vaults:2)
  Ilsuiw (Shoals:2)
  2 frost giants
  4 ghost moths
  2 orc warlords (Orc:2)
  3 vault wardens
  5 ironbound preservers
  7 emperor scorpions
  A very ugly thing (Vaults:1)
  4 dire elephants
  The ghost of Sohaalic the Grappler, a journeyman TrWz of Okawaru (Lair:3)
  An entropy weaver (Spider:2)
  Snorg (D:11)
  3 merfolk impalers
  8 merfolk javelineers
  3 ettins
  3 yaktaur captains
  Fannar (D:11)
  4 great orbs of eyes
  Josephine (D:10)
  15 vault guards
  12 hydras
  Harold (D:11)
  3 ironbound thunderhulks
  An ogre mage (D:15)
  6 boulder beetles
  2 catoblepae
  Erolcha (D:9)
  2 satyrs
  A merfolk avatar (Shoals:4)
  An ironbound frostheart (Vaults:1)
  7 centaur warriors
  A deep troll shaman (Lair:6)
  An alligator snapping turtle (Shoals:4)
  13 two-headed ogres
  5 merfolk aquamancers (Shoals:4)
  3 orc high priests (Orc:2)
  Urug (Lair:6)
  4 ironbound beastmasters (Vaults:1)
  11 death yaks
  4 deep trolls (Vaults:2)
  Nergalle (D:10)
  3 skeletal warriors (D:12)
  6 sea snakes
  3 orc knights (Orc:2)
  A glowing orange brain (Vaults:2)
  A deep troll (shapeshifter) (Vaults:2)
  7 ironbound convokers
  2 lindwurms (Vaults:1)
  A phantasmal warrior (D:13)
  7 orb spiders
  19 harpies
  3 wizards
  12 wolf spiders
  3 oklob plants
  6 ugly things
  11 cyclopes
  14 manticores
  6 orc sorcerers (Orc:2)
  A moth of wrath (Spider:3)
  10 fauns
  12 merfolk sirens
  4 vault sentinels
  2 water nymphs (Shoals:3)
  7 black mambas
  3 gargoyles
  8 cane toads
  Psyche (D:10)
  5 elephants (Lair:6)
  4 rime drakes
  A kobold demonologist (D:13)
  Maggie (D:8)
  3 tengu conjurers
  2 unseen horrors
  A demonic crawler (Spider:2)
  18 yaktaurs
  3 komodo dragons
  4 polar bears
  9 trolls
  33 jumping spiders
  25 merfolk
  4 wind drakes
  3 hornets
  4 blink frogs (Lair:1)
  3 meliai (D:12)
  A blink frog (shapeshifter) (D:14)
  6 slime creatures
  6 snapping turtles
  6 dream sheep (Lair:6)
  55 redbacks
  A spriggan (Lair:2)
  A centaur simulacrum (D:15)
  25 tarantellas
  4 wyverns
  5 wraiths
  51 yaks
  2 spriggans (shapeshifter)
  A shadow (D:10)
  A water elemental (Shoals:4)
  A vampire (D:7)
  4 fire bats (D:9)
  6 basilisks
  2 humans (D:13)
  Grum (D:5)
  5 hogs (D:12)
  2 steam dragons (D:7)
  5 vampire mosquitoes (D:13)
  A warg (D:11)
  4 acid dragons
  11 water moccasins
  A hell hound (D:9)
  Duvessa (D:7)
  A meliai simulacrum (D:14)
  38 orc warriors
  3 black bears
  3 ice beasts
  4 sky beasts
  3 necrophages
  13 wolves
  A boggart (Vaults:1)
  8 ogres
  16 centaurs
  A phantom (D:4)
  2 kobold brigands (D:8)
  4 gnoll sergeants
  24 bullfrogs
  Blork the orc (D:5)
  A wyvern zombie (D:7)
  Dowan (D:7)
  A scorpion (D:4)
  2 water moccasin skeletons
  A killer bee (D:7)
  7 wights
  5 howler monkeys
  3 electric eels
  2 bullfrog zombies
  2 lava snakes (D:9)
  4 centaur zombies
  34 orc priests
  11 hounds
  2 bullfrog skeletons
  2 centaur skeletons (D:7)
  2 gnoll shamans
  42 orc wizards
  4 iguanas
  4 hell rats (Lair:4)
  Terence (D:3)
  A killer bee zombie (D:9)
  A hound zombie (D:5)
  A howler monkey zombie (D:9)
  22 gnolls
  4 adders
  A shadow imp (D:7)
  4 white imps
  4 dart slugs
  104 orcs
  2 ball pythons (D:3)
  4 bats
  5 endoplasms
  A giant cockroach (D:2)
  6 goblins
  6 hobgoblins
  6 jackals
  13 kobolds
  4 quokkas
  3 frilled lizards
  2 rats
  A fire vortex (D:9)
1092 creatures vanquished.

Vanquished Creatures (collateral kills)
  Asterion (Spider:1)
  A storm dragon (Vaults:2)
  Louise (Shoals:3)
  Aizul (Shoals:1)
  2 emperor scorpions (Spider:4)
  A yaktaur captain (Vaults:1)
  An ironbound thunderhulk (Vaults:1)
  3 ugly things (D:13)
11 creatures vanquished.

Vanquished Creatures (others)
  2 emperor scorpions
  A merfolk impaler (Shoals:3)
  A wolf spider (Spider:2)
  A manticore (Shoals:1)
  A water elemental (Shoals:1)
  A warg (Orc:2)
  A scorpion (D:7)
  A bush (Lair:2)
  2 fire vortices (D:9)
  15 fungi
  98 plants
  2 withered plants (Lair:3)
126 creatures vanquished.

Grand Total: 1229 creatures vanquished

Notes
Turn   | Place    | Note
-------+----------+-------------------------------------------
     0 | D:1      | porpoise the Djinni Venom Mage began the quest for the Orb.
     0 | D:1      | Reached XP level 1. HP: 15/15 MP: 0/0
   419 | D:1      | Reached skill level 1 in Fighting
   419 | D:1      | Reached XP level 2. HP: 8/22 MP: 0/0
  1139 | D:1      | Reached XP level 3. HP: 27/27 MP: 0/0
  1139 | D:1      | Learned a level 1 spell: Pain
  1604 | D:2      | You are sucked into a shaft and drop 1 floor!
  1720 | D:3      | Reached skill level 2 in Fighting
  2065 | D:2      | Reached XP level 4. HP: 5/34 MP: 0/0
  2749 | D:3      | Noticed Terence
  2752 | D:3      | Killed Terence
  3164 | D:4      | Noticed a necrophage
  3176 | D:4      | Killed a necrophage
  3177 | D:4      | Reached skill level 3 in Fighting
  3177 | D:4      | Reached XP level 5. HP: 31/40 MP: 0/0
  3177 | D:4      | Learned a level 2 spell: Ensorcelled Hibernation
  3266 | D:4      | Reached skill level 4 in Fighting
  3266 | D:4      | Reached XP level 6. HP: 41/47 MP: 0/0
  3737 | D:4      | Found Taplel's Armour Emporium.
  3797 | D:4      | Found a white marble altar of Elyvilon.
  3799 | D:4      | Found a sparkling altar of Nemelex Xobeh.
  3955 | D:4      | Found Tetoguse's Distillery.
  3964 | D:4      | Bought 2 potions of heal wounds for 120 gold pieces
  3982 | D:4      | Found Qotohot's Jewellery Shop.
  4155 | D:4      | Identified the ring of Ekosh {Fly Str+6 Int+6 Dex+3}
  4220 | D:5      | Entered Level 5 of the Dungeon
  4232 | D:5      | Found Tet Bath's Mass Market.
  4236 | D:5      | Reached skill level 5 in Spellcasting
  4236 | D:5      | Reached XP level 7. HP: 43/53 MP: 0/0
  4236 | D:5      | Learned a level 3 spell: Vampiric Draining
  4247 | D:5      | Reached skill level 5 in Fighting
  4724 | D:5      | Noticed Grum
  4730 | D:5      | Killed Grum
  4731 | D:5      | Reached skill level 6 in Fighting
  4731 | D:5      | Reached XP level 8. HP: 18/61 MP: 0/0
  5069 | D:5      | Noticed Blork the orc
  5076 | D:5      | Killed Blork the orc
  5152 | D:5      | Noticed a yak
  5396 | D:5      | Noticed a yak
  5399 | D:5      | Noticed a yak
  5401 | D:5      | Killed a yak
  5401 | D:5      | Noticed a yak
  5402 | D:5      | Reached skill level 7 in Fighting
  5410 | D:5      | Killed a yak
  5418 | D:5      | Killed a yak
  5518 | D:5      | Killed a yak
  5519 | D:5      | Reached skill level 5 in Dodging
  5519 | D:5      | Reached XP level 9. HP: 47/68 MP: 0/0
  5519 | D:5      | Learned a level 3 spell: Swiftness
  5700 | D:5      | Reached skill level 1 in Armour
  5700 | D:5      | Reached skill level 1 in Evocations
  6359 | D:6      | Found a burning altar of Makhleb.
  6479 | D:6      | Became a worshipper of Makhleb the Destroyer
  7497 | D:6      | Found Cineru's Assorted Antiques.
  7505 | D:6      | Bought a scroll labelled IJAIMI SOURAPH for 22 gold pieces
  7505 | D:6      | Bought 3 scrolls labelled JUDDI CEAZ for 66 gold pieces
  7505 | D:6      | Bought a purple potion for 19 gold pieces
  7580 | D:7      | Reached skill level 5 in Armour
  7580 | D:7      | Reached skill level 5 in Evocations
  7580 | D:7      | Reached skill level 1 in Shields
  7872 | D:7      | Found a staircase to the Ecumenical Temple.
  7890 | D:7      | Noticed Duvessa
  7891 | D:7      | Noticed Dowan
  7891 | D:7      | Noticed a two-headed ogre
  7894 | D:7      | Killed Duvessa
  7894 | D:7      | Killed Dowan
  7894 | D:7      | Killed a two-headed ogre
  7895 | D:7      | Reached XP level 10. HP: 65/75 MP: 0/0
  7950 | D:7      | Identified the +7 short sword of Imbalance {drain, Dex+4}
  8386 | D:7      | Reached skill level 8 in Fighting
  8399 | D:7      | Reached * piety under Makhleb
  8417 | D:7      | HP: 3/76 [something (11)]
  8791 | D:7      | Reached skill level 5 in Invocations
  8877 | D:7      | Noticed a two-headed ogre
  8884 | D:7      | Killed a two-headed ogre
  8885 | D:7      | Reached skill level 9 in Fighting
  9024 | D:7      | Reached XP level 11. HP: 74/84 MP: 0/0
  9024 | D:7      | Learned a level 4 spell: Airstrike
 10281 | D:8      | Noticed Maggie
 10285 | D:8      | Killed Maggie
 10548 | D:8      | Reached skill level 10 in Fighting
 10553 | D:8      | Reached ** piety under Makhleb
 12018 | D:9      | Noticed Erolcha
 12024 | D:9      | Killed Erolcha
 12089 | D:9      | Found a shimmering altar of Xom.
 12753 | D:9      | Reached *** piety under Makhleb
 12828 | D:9      | Found a hazy altar of Hepliaklqana.
 12995 | D:9      | Reached skill level 11 in Fighting
 13323 | D:10     | Entered Level 10 of the Dungeon
 13656 | D:10     | Acquired a +2 helmet of intelligence
 13702 | D:10     | Noticed Nergalle
 13706 | D:10     | Killed Nergalle
 13742 | D:10     | Found a staircase to the Lair.
 13748 | D:10     | Noticed an oklob plant
 13883 | D:10     | Noticed Josephine
 13894 | D:10     | Killed an oklob plant
 13895 | D:10     | Reached XP level 12. HP: 62/94 MP: 0/0
 13901 | D:10     | Killed Josephine
 14187 | D:10     | Acquired a manual of Fighting
 14204 | D:10     | Noticed Psyche
 14207 | D:10     | Killed Psyche
 14411 | D:10     | Reached skill level 12 in Fighting
 14487 | D:10     | Noticed a two-headed ogre
 14489 | D:10     | Killed a two-headed ogre
 15081 | D:10     | Upgraded the game from 0.27-a0-1090-gb115f176c6 to
                  | 0.27-a0-1101-ge311f74bc8
 15093 | D:11     | Reached skill level 5 in Shields
 15108 | D:11     | Noticed a two-headed ogre
 15112 | D:11     | Killed a two-headed ogre
 15220 | D:11     | Noticed a five-headed hydra
 15229 | D:11     | Killed a five-headed hydra
 15230 | D:11     | Reached skill level 13 in Fighting
 15338 | D:11     | Noticed Fannar
 15344 | D:11     | Killed Fannar
 15627 | D:11     | Noticed Snorg
 15634 | D:11     | Killed Snorg
 15938 | D:11     | Noticed Harold
 15944 | D:11     | Killed Harold
 16017 | D:11     | Reached **** piety under Makhleb
 16018 | D:11     | Reached skill level 14 in Fighting
 16646 | D:12     | Noticed Kirke
 16653 | D:12     | Reached XP level 13. HP: 89/106 MP: 0/0
 16653 | D:12     | Learned a level 5 spell: Metabolic Englaciation
 16658 | D:12     | Killed Kirke
 16826 | D:12     | Noticed Jorgrun
 16834 | D:12     | Killed Jorgrun
 16835 | D:12     | Reached skill level 15 in Fighting
 17852 | D:12     | Reached skill level 16 in Fighting
 18312 | D:12     | Found a staircase to the Orcish Mines.
 19041 | Lair:1   | Entered Level 1 of the Lair of Beasts
 19246 | Lair:1   | Reached ***** piety under Makhleb
 20549 | Lair:2   | Reached skill level 10 in Spellcasting
 21254 | Lair:2   | Reached XP level 14. HP: 102/117 MP: 0/0
 21957 | Lair:3   | Found a hole to the Spider Nest.
 22387 | Lair:3   | Found a staircase to the Shoals.
 22794 | Lair:3   | Found a runed translucent door.
 22794 | Lair:3   | Noticed Sohaalic's ghost (journeyman TrWz)
 23972 | Lair:4   | Found an ornate altar of the Wu Jian Council.
 24563 | Lair:5   | Reached skill level 1 in Short Blades
 25819 | D:13     | Found a flickering gateway to a bazaar.
 25831 | Bazaar   | Entered a bazaar
 25917 | Bazaar   | Found Peet's Antique Weapon Shoppe.
 25943 | Bazaar   | Found Aluiwk's Antique Weapon Shoppe.
 26010 | Bazaar   | Found Rap Xee's Assorted Antiques.
 26031 | Bazaar   | Found Ulekh's Weapon Shoppe.
 26058 | Bazaar   | Bought a shiny buckler for 255 gold pieces
 26104 | Bazaar   | Bought a masterwork mace for 168 gold pieces
 26104 | Bazaar   | Identified the +10 mace "Hydrabane" {freeze, rPois Str+3}
                  | (You bought it in a shop in a bazaar)
 26126 | Bazaar   | Bought a glowing scimitar for 203 gold pieces
 26167 | D:13     | Identified the +9 rapier "Aluwkuur" {flame, Dex+4}
 26852 | D:13     | Reached skill level 10 in Armour
 26948 | D:13     | Found a gate to the Vaults.
 27848 | D:13     | Reached XP level 15. HP: 49/122 MP: 0/0
 27848 | D:13     | Learned a level 6 spell: Eringya's Noxious Bog
 28661 | D:15     | Entered Level 15 of the Dungeon
 28672 | D:15     | Reached skill level 10 in Invocations
 28979 | D:15     | Found an iron altar of Okawaru.
 29113 | D:15     | Found a portal to a secret trove of treasure.
 29575 | D:15     | Found a staircase to the Depths.
 29702 | Orc:1    | Entered Level 1 of the Orcish Mines
 29702 | Orc:1    | Found Sufall's Assorted Antiques.
 29746 | Orc:1    | Bought a scroll of magic mapping for 112 gold pieces
 29757 | Orc:1    | Reached ****** piety under Makhleb
 29847 | Orc:2    | Entered Level 2 of the Orcish Mines
 29934 | Orc:2    | Paralysed by an orc sorcerer for 4 turns
 30083 | Orc:1    | Found Zucum's Book Boutique.
 30436 | Orc:2    | Found a staircase to the Elven Halls.
 30860 | Orc:2    | Paralysed by an orc sorcerer for 3 turns
 30862 | Orc:2    | Noticed an orc warlord
 30873 | Orc:2    | Killed an orc warlord
 31676 | Orc:2    | Noticed an orc warlord
 31686 | Orc:2    | Killed an orc warlord
 32108 | Orc:2    | Found Xiyxur's General Store.
 32109 | Orc:2    | Found Vaeqekk's Jewellery Shop.
 32111 | Orc:2    | Found Koisiev's Antique Armour Boutique.
 32111 | Orc:2    | Found Asatup's Antique Weapon Boutique.
 32493 | Orc:2    | Bought a pair of runed gloves for 240 gold pieces
 32796 | Lair:6   | Entered Level 6 of the Lair of Beasts
 32805 | Lair:6   | Noticed Urug
 32808 | Lair:6   | Killed Urug
 33371 | Lair:6   | Found a staircase to the Slime Pits.
 33371 | Lair:6   | Found a viscous altar of Jiyva.
 33379 | Lair:6   | Reached XP level 16. HP: 129/129 MP: 0/0
 34319 | Lair:6   | Identified the +9 chain mail of Caczeg {Harm rElec Stlth+}
 34715 | Spider:1 | Entered Level 1 of the Spider Nest
 34751 | Spider:1 | You are sucked into a shaft and drop 1 floor!
 34767 | Spider:2 | Noticed Arachne
 34777 | Spider:2 | You are sucked into a shaft and drop 1 floor!
 35963 | Spider:1 | Noticed Asterion
 35970 | Spider:1 | Noticed an Executioner
 35972 | Spider:1 | Killed Asterion
 37271 | Spider:2 | Killed Arachne
 37527 | Spider:2 | Reached skill level 10 in Shields
 39109 | Spider:4 | Entered Level 4 of the Spider Nest
 39306 | Spider:4 | Reached XP level 17. HP: 135/135 MP: 0/0
 39306 | Spider:4 | Learned a level 7 spell: Summon Hydra
 40087 | Spider:4 | Upgraded the game from 0.27-a0-1101-ge311f74bc8 to
                  | 0.27-a0-1116-g91b3acb402
 41324 | D:4      | Bought a potion of invisibility for 96 gold pieces
 42069 | Spider:4 | Noticed an Executioner
 43472 | Spider:4 | Got a gossamer rune of Zot
 43907 | Lair:3   | Killed Sohaalic's ghost
 44203 | Shoals:1 | Entered Level 1 of the Shoals
 44658 | Shoals:1 | Noticed Aizul
 44674 | Shoals:1 | Killed Aizul
 45775 | Shoals:1 | Reached skill level 10 in Dodging
 46250 | Shoals:2 | Noticed Polyphemus
 46265 | Shoals:2 | Killed Polyphemus
 46780 | Shoals:2 | Noticed Ilsuiw
 46788 | Shoals:2 | Killed Ilsuiw
 46999 | Shoals:2 | Reached XP level 18. HP: 141/141 MP: 0/0
 47689 | Shoals:3 | Noticed Louise
 48102 | Shoals:3 | Killed Louise
 48860 | Shoals:3 | Reached skill level 1 in Slings
 50124 | Shoals:4 | Entered Level 4 of the Shoals
 51182 | Shoals:4 | Found Nepless's Antique Armour Boutique.
 51194 | Shoals:4 | Bought a shiny ring mail for 224 gold pieces
 51194 | Shoals:4 | Bought a pitted helmet for 304 gold pieces
 51194 | Shoals:4 | Identified the -4 helmet of Neelis {rCorr} (You bought it
                  | in a shop on level 4 of the Shoals)
 51915 | Shoals:4 | Got a barnacled rune of Zot
 52451 | Shoals:4 | Identified the +9 halberd "Ceerghua" {vorpal, +Rage rPois}
 52886 | D:15     | You paid a toll of a +7 demon trident to enter a treasure
                  | trove
 52887 | Trove    | Entered a treasure trove
 52961 | Trove    | Identified the Guide on Weightlessness
 53305 | Vaults:1 | Entered Level 1 of the Vaults
 54569 | Vaults:1 | Identified the +1 scale mail of a wizard's laboratory
                  | {Rampage rC++ Regen+ Str+3}
 54589 | Vaults:1 | Reached skill level 5 in Short Blades
 54593 | Vaults:1 | Noticed a titan
 54600 | Vaults:1 | Killed a titan
 54626 | Vaults:1 | Reached XP level 19. HP: 142/147 MP: 0/0
 54626 | Vaults:1 | Learned a level 6 spell: Simulacrum
 56357 | Vaults:2 | Found Ceoliuge's Armour Boutique.
 56376 | Vaults:2 | Bought the +1 pair of gloves "Tamifu" {Int+6} for 582 gold
                  | pieces
 56741 | Vaults:2 | Found Zizawipant's General Store.
 57033 | Vaults:2 | Found Obauruhu's Magic Scroll Shoppe.
 57058 | Vaults:2 | Bought a scroll of teleportation for 54 gold pieces
 57058 | Vaults:2 | Bought a scroll of teleportation for 54 gold pieces
 57058 | Vaults:2 | Bought a scroll of blinking for 135 gold pieces
 57636 | Vaults:2 | Reached skill level 10 in Short Blades
 57687 | Vaults:2 | Reached skill level 15 in Spellcasting
 57705 | Vaults:2 | HP: 3/147 [war gargoyle/+0 flail (48)]
 57711 | Vaults:2 | Mangled by a war gargoyle

Illustrated notes

Levels and vault maps discovered:
D:1:      amcnicky_arrival_choice, layout_loops_corners,
          ebering_dispersal_statue_hall
D:2:      layout_rooms
D:3:      layout_basic, uniq_terence
D:4:      layout_gridville, grunt_temple_overflow_diamond, serial_shops,
          nicolae_shop_temple_entry_statues_fountains, shop, shop_fountains,
          kennysheep_generic_room_6
D:5:      layout_cave_pools, serial_gnoll_camp, grums_kennel,
          gnoll_camp_mini_basic, gnoll_camp_mini_house, gnoll_camp_mini_basic,
          serial_bayou_pond_e, minmay_shop_mass, uniq_blork_the_orc
D:6:      layout_cave_pools, bloody_makhleb, serial_shops, shop
D:7:      minmay_the_grid_octo_tiled_octocenter
          [minmay_the_grid_octo_fan_narrow, minmay_the_grid_octo_horde,
          minmay_the_grid_octo_concentric, minmay_the_grid_octo_vomiting_pacman,
          minmay_the_grid_octo_prize_big_c, minmay_the_grid_square_5x5_moneybag,
          minmay_the_grid_square_5x5_gyroscope,
          minmay_the_grid_square_5x5_sharp_hourglass,
          minmay_the_grid_square_5x5_checkered], layout_cave_pools,
          lemuel_flamethrower_2, uniq_duvessa
D:8:      layout_basic, serial_rivers, chequers_serial_rivers_micro_d,
          chequers_serial_rivers_micro_c, chequers_serial_rivers_micro_a,
          chequers_serial_rivers_room_a, chequers_serial_rivers_micro_c,
          chequers_serial_rivers_micro_a, uniq_maggie, uniq_grum
D:9:      layout_gridville, marbit_many_paths, xom_teletrap_fun,
          hangedman_incinerator, uniq_erolcha
D:10:     layout_roguey, dpeg_oklobed_lair, uniq_josephine, uniq_nergalle,
          uniq_psyche
D:11:     layout_roguey, chequers_hall_statues_wall_a, uniq_fannar, uniq_harold,
          uniq_snorg
D:12:     layout_layer_cave, erik_orc_4, uniq_jorgrun, uniq_kirke
D:13:     layout_cave_pools, grunt_vaults_entry_fortified, serial_shops,
          bzr_entry_dummy, drop_trap
D:14:     layout_long_grid, nicolae_sif_muna_condensation
D:15:     hangedman_depths_entry_try_elsewhere_first, layout_cross,
          lemuel_crystal_altar, enter_trove_3, fiery_altar_vehumet
Lair:1:   layout_roguey, lemuel_fruit_fields
Lair:2:   layout_roguey, grunt_forest_large_clearing_hut, lemuel_fruit_fields,
          infiniplex_staircase_pool
Lair:3:   layout_hall_layers, shoals_dummy_entry,
          nicolae_spider_entry_tight_spaces, gammafunk_ghost_grave, st_stairs_13
Lair:4:   layout_loops_ring, basic_altar
Lair:5:   layout_regular_city, beast_lair_carwin_6, serial_bayou_shore_a,
          infiniplex_staircase_pool_2
Lair:6:   grunt_lair_end_beastmaster, layout_regular_city, slime_altar_1,
          chequers_serial_rivers_large_a, lemuel_fruit_tree, uniq_urug
Shoals:1: layout_shoals, st_cyclops, uniq_aizul
Shoals:2: layout_shoals, uniq_ilsuiw, uniq_polyphemus
Shoals:3: layout_shoals, nicolae_shoals_this_corrosion, uniq_louise
Shoals:4: shoals_end_simple, layout_shoals, shoal_ilsuiw, serial_shops, shop
Spider:1: layout_spider_delve, uniq_asterion
Spider:2: layout_spider_delve, portal_ice_cave_entry_pillars_three,
          nicolae_spider_scorpion_nest, uniq_arachne
Spider:3: layout_spider_delve
Spider:4: grunt_spider_rune_circles
Orc:1:    layout_caves, basic_altar, serial_shops, shop, shop_statue
Orc:2:    st_orc_congregation, layout_diamond_mine
Vaults:1: vaults_room_pool, v_misc_11, vaults_dpeg_diagonal,
          vaults_room_grunt_arrival_ludios, st_smaller_cells, v_misc_1,
          ontoclasm_vaults_loading_screen, layout_vaults_omnigrid
Vaults:2: nicolae_vaults_yaktaur_gun_rack, ontoclasm_vaults_ligature,
          st_greater_box_3, hangedman_vaults_stagger, ontoclasm_vaults_shuriken,
          hangedman_vaults_hat, v_pattern_2, v_misc_31,
          nicolae_vaults_border_crossing, ontoclasm_vaults_decontamination,
          vaults_room_pool, layout_vaults_omnibox, serial_shops,
          nicolae_shop_crystal, shop, shop

Skill      XL: |  1  2  3  4  5  6  7  8  9 10 11 12 13 14 15 16 17 18 19 |
---------------+----------------------------------------------------------+-----
Fighting       | 1 2 3 4 6 7 9 11 14 16 | 16.6
Spellcasting   | 3 4 5 6 7 9 10 11 12 13 15 | 15.2
Dodging        | 5 7 9 10 14 | 14.0
Armour         | 5 6 7 10 12 | 12.0
Evocations     | 5 7 9 |  9.0
Shields        | 4 7 10 12 | 12.0
Invocations    | 2 5 9 12 13 | 13.2
Short Blades   | 2 3 5 11 | 11.2
Slings         | 4 |  4.0
Stealth        | |  1.5

Action                   |  1- 3 |  4- 6 |  7- 9 | 10-12 | 13-15 | 16-18 | 19-21 || total
-------------------------+-------+-------+-------+-------+-------+-------+-------++-------
Melee: Dagger            |    47 |     2 |     8 |       |       |       |       ||    57
       Unarmed           |     1 |       |       |       |       |       |       ||     1
       Trident           |       |    28 |    83 |    40 |       |       |       ||   151
       Short sword       |       |       |       |   179 |   132 |       |       ||   311
       Rapier            |       |       |       |       |    29 |   180 |    30 ||   239
       Mace              |       |       |       |       |    10 |       |       ||    10
       Staff             |       |       |       |       |       |     5 |       ||     5
 Fire: Hunting sling     |       |     6 |    26 |    55 |   210 |    89 |     1 ||   387
Throw: Boomerang         |       |       |       |       |       |     2 |       ||     2
 Cast: Sting             |    12 |     2 |       |       |       |       |       ||    14
       Poisonous Vapours |     8 |    18 |    29 |    10 |       |     1 |       ||    66
       Pain              |     2 |     4 |    10 |       |       |     3 |       ||    19
       Ignite Poison     |     1 |     4 |    47 |   123 |   281 |   365 |   100 ||   921
       Olgreb's Toxic Ra |       |     1 |    20 |    59 |   167 |   181 |    43 ||   471
       Ensorcelled Hiber |       |       |     1 |       |     1 |       |       ||     2
       Mephitic Cloud    |       |       |       |    19 |    45 |    16 |     2 ||    82
       Metabolic Englaci |       |       |       |       |     3 |     1 |       ||     4
       Airstrike         |       |       |       |       |    13 |    57 |    12 ||    82
       Eringya's Noxious |       |       |       |       |     1 |    22 |       ||    23
       Summon Hydra      |       |       |       |       |       |     5 |     2 ||     7
       Simulacrum        |       |       |       |       |       |       |     1 ||     1
Invok: Greater Servant o |       |       |       |       |       |     4 |     3 ||     7
       Lesser Servant of |       |       |       |       |       |     5 |       ||     5
       Minor Destruction |       |       |       |       |       |     3 |       ||     3
       Major Destruction |       |       |       |       |       |     1 |     1 ||     2
Evoke: Wand              |       |       |       |     1 |    10 |     5 |     7 ||    23
       Tin of tremorston |       |       |       |       |     2 |     4 |       ||     6
       Phantom mirror    |       |       |       |       |       |     1 |       ||     1
  Use: Scroll            |       |     1 |    10 |    14 |     9 |    14 |     3 ||    51
       Potion            |       |       |     1 |     2 |     3 |     9 |     3 ||    18
 Stab: Sleeping          |     3 |     2 |     2 |     2 |     1 |     1 |       ||    11
       Distracted        |       |       |     1 |       |       |       |       ||     1
Armor: Robe              |     6 |     3 |    28 |    10 |       |       |       ||    47
       Steam dragon scal |       |       |       |    11 |       |       |       ||    11
       Ring mail         |       |       |       |    35 |    91 |   261 |       ||   387
       Acid dragon scale |       |       |       |    21 |       |       |       ||    21
       Scale mail        |       |       |       |       |       |     2 |    19 ||    21
Dodge: Dodged            |    30 |    27 |    76 |   172 |   172 |   533 |    52 ||  1062
Block: Buckler           |       |       |       |    61 |   103 |   330 |    38 ||   532
       Reflection        |       |       |       |       |     9 |    18 |     8 ||    35

Table legend: (Time is in decaauts)
 A = Elapsed time spent in this place.
 B = Non-inter-level travel time spent in this place.
 C = Inter-level travel time spent in this place.
 D = Time resting spent in this place.
 E = Time spent auto-exploring this place.
 F = Levels seen in this place.
 G = Mean time per level.
                   A        B        C        D        E       F      G
               +--------+--------+--------+--------+--------+-----+--------+
         Total |  57814 |  53960 |   3854 |  25478 |  19685 |  35 | 1651.8 |
       Dungeon |  23876 |  22625 |   1251 |  11676 |   7866 |  15 | 1591.7 |
          Lair |  10517 |   9197 |   1320 |   3057 |   4603 |   6 | 1752.8 |
        Shoals |   7896 |   7580 |    316 |   4093 |   2235 |   4 | 1974.0 |
   Spider Nest |   8271 |   7751 |    520 |   4011 |   2860 |   4 | 2067.8 |
  Orcish Mines |   2864 |   2662 |    202 |   1060 |    942 |   2 | 1432.0 |
        Vaults |   3932 |   3689 |    243 |   1581 |    975 |   2 | 1966.0 |
        Bazaar |    322 |    322 |      0 |      0 |    204 |   1 |  322.0 |
         Trove |    132 |    132 |      0 |      0 |      0 |   1 |  132.0 |
               +--------+--------+--------+--------+--------+-----+--------+

Top non-repeatable levels by time:
Spider:4: 3598 daAuts
     D:7: 2722 daAuts
   Orc:2: 2448 daAuts
Vaults:1: 2434 daAuts
Shoals:4: 2431 daAuts
  Lair:3: 2399 daAuts
  Lair:1: 2277 daAuts
Spider:1: 2215 daAuts
    D:12: 2180 daAuts
    D:13: 2164 daAuts
Shoals:3: 2076 daAuts
     D:5: 2052 daAuts
    D:11: 2018 daAuts
    D:10: 1933 daAuts
Shoals:1: 1877 daAuts
